 Dungeon Sprint DCSS version 0.31-a0-66-ge618eeaa78 (webtiles) character file.

Game seed: 187413700949172283

59808 sircluck the Heavyweight Champion (level 14, -16/157 HPs)
             Began as a Troll Berserker on May 22, 2023.
             Was a High Priest of Trog.
             Killed from afar by an ironbound frostheart (27 damage)
             ... by creeping frost
             ... in the Dungeon (Sprint IX: "|||||||||||||||||||||||||||||").
             The game lasted 00:10:53 (2593 turns).

sircluck the Heavyweight Champion (Troll Berserker) Turns: 2593, Time: 00:10:55

Health: -16/157    AC: 11    Str: 32    XL:     14   Next: 54%
Magic:  13/13      EV: 15    Int:  3    God:    Trog [*****.]
Gold:   1925       SH: 17    Dex:  9    Spells: 13/13 levels left

rFire   . .          .
                       - Unarmed
rCold   . . .        x - +1 tower shield
rNeg    . . .        l - +0 troll leather armour
rPois   .            (helmet restricted)
rElec   .            r - +0 cloak
rCorr   .            (gloves unavailable)
SInv    .            (boots unavailable)
Will    +++..        (no amulet)
Stlth   ++           j - +2 ring of protection
HPRegen 3.06/turn    k - +2 ring of evasion
MPRegen 0.13/turn

%: no teleportation
@: strong-willed, regenerating
A: large, unfitting armour, claws 3, regeneration 1, shaggy fur 1, tough skin 1
a: Renounce Religion, Berserk, Trog's Hand, Brothers in Arms


You were in the Dungeon.
You worshipped Trog.
Trog was extremely pleased with you.
You visited 1 branch You collected 1925 gold pieces.

Inventory:

Missiles
 s - 2 throwing nets
 y - 22 large rocks (quivered)
Armour
 a - a +0 animal skin
 l - a +0 troll leather armour (worn)
 r - a +0 cloak (worn)
 x - a +1 tower shield (worn)
Jewellery
 j - a +2 ring of protection (left claw)
 k - a +2 ring of evasion (right claw)
 t - a ring of poison resistance
 u - a ring of ice
 v - a ring of protection from fire
 w - a ring of fire
Wands
 i - a wand of light (10)
 z - a wand of roots (12)
Scrolls
 m - 2 scrolls of enchant weapon
 n - 4 scrolls of enchant armour
 o - 4 scrolls of identify
 p - a scroll of fear
Potions
 b - 6 potions of curing
 c - a potion of heal wounds
 d - 2 potions of haste
 e - 5 potions of magic
 f - 4 potions of berserk rage
 h - a potion of invisibility
 q - a potion of resistance


   Skills:
 + Level 14.7 Fighting
 + Level 2.8 Throwing
 + Level 9.9 Armour
 + Level 16.2 Dodging
 + Level 4.0 Stealth
 + Level 13.1 Shields
 O Level 27 Unarmed Combat


You had 13 spell levels left.
You didn't know any spells.
Your spell library was empty.

Dungeon Overview and Level Annotations

Branches:
Dungeon (1/1)

Altars:
Cheibriados
Dithmenos
Elyvilon
Fedhas
Gozag
Hepliaklqana
Kikubaaqudgha
Makhleb
Nemelex Xobeh
Okawaru
Qazlal
Ru
Sif Muna
Trog
Uskayaw
Vehumet
Wu Jian
Xom
Yredelemnul
Zin
The Shining One
Jiyva
Lugonu

Shops:
D [**[


Innate Abilities, Weirdness & Mutations

You are too large for most types of armour.
You have claws for hands.
Your natural rate of healing is unusually fast.
You are covered in fur. (AC +1)
You have tough skin. (AC +1)


Message History

The wizard mumbles some strange words.
The wizard flickers and vanishes!
Deactivating autopickup; reactivate with Ctrl-A.
Really walk into that cloud of freezing vapour?
You are engulfed in freezing vapours.
The necromancer completely misses you.
An ironbound frostheart comes into view.
There is an open door to the Vaults here.
Things that are here:
a +0 great mace; a +0 leather armour; a dire elephant corpse You closely miss the necromancer.
You are engulfed in freezing vapours.
You eviscerate the necromancer!!!
You kill the necromancer!
Trog accepts your kill.
Trog appreciates your killing of a magic user.
You are engulfed in freezing vapours.
* * * LOW HITPOINT WARNING * * *
The ironbound frostheart's soul is no longer bound.
The ironbound frostheart calls freezing cold from the walls.
The frost grips you!!
* * * LOW HITPOINT WARNING * * *
You are encased in ice.
The ironbound preserver simulacrum closely misses you.
Your Stealth skill increases to level 4!
Read: scroll of fear
Press: ? - help, Q - select action, (/) - cycle Dir - look around, f - activate Look: a slime creature (soul bound, chance to affect: 90%)
Okay, then.
You feel much better. The slime creature misses you.
The ironbound frostheart calls freezing cold from the walls.
The frost grips you!!
* * * LOW HITPOINT WARNING * * *
You block the ironbound preserver simulacrum's attack.
Unknown command.
Your skin crawls.
You feel strong-willed. The ice encasing you melts away.
The slime creature closely misses you.
The ironbound frostheart calls freezing cold from the walls.
The frost grips you!!
You die...

▓▓▓▓▓▓▓▓▓▓▓▓▓▓▓▓▓▓▓▓▓▓▓▓
p.....J@ZZ.......)....))
▓▓▓▓▓▓▓▓▓▓▓▓▓▓▓▓▓▓▓▓▓▓▓▓▓▓▓▓▓▓▓▓▓
.................................
▓▓▓▓▓▓▓▓♣♣♣♣♣♣♣♣♣♣▓▓▓▓▓▓▓▓▓▓▓▓▓▓▓
......))....÷÷÷))'÷...)÷)))'....)
▓▓▓▓▓▓▓▓♣♣♣♣♣♣♣♣♣♣▓▓▓▓▓▓▓▓▓▓▓▓▓▓▓
.......)..............).)........
▓▓▓▓▓▓▓▓▓▓▓▓▓▓▓▓▓▓▓▓▓▓▓▓▓▓▓▓▓▓▓▓▓
))........÷).)........[[[[[[[.)))


You could see a slime creature (soul bound), an ironbound frostheart, an
ironbound preserver simulacrum and an ironbound thunderhulk simulacrum.

Vanquished Creatures
  Rupert (D)
  Agnes (D)
  A frost giant (D)
  Aizul (D)
  An ironbound preserver (D)
  A very ugly thing (D)
  3 stone giants (D)
  A broodmother (D)
  An ironbound thunderhulk (D)
  A bunyip (D)
  2 eleionomae (D)
  Josephine (D)
  An ettin (D)
  A merfolk javelineer (D)
  Harold (D)
  A centaur warrior (D)
  A merfolk aquamancer (D)
  2 ogre magi (D)
  A catoblepas (D)
  A jorogumo (D)
  2 boulder beetles (D)
  A hydra (D)
  A naga warrior (D)
  5 death yaks (D)
  4 two-headed ogres (D)
  A tengu warrior (D)
  A naga sharpshooter (D)
  2 shock serpents (D)
  2 spriggans (D)
  A sun moth (D)
  3 goliath frogs (D)
  2 sea snakes (D)
  A wolf spider (D)
  3 necromancers (D)
  2 ugly things (D)
  An orc knight (D)
  A mana viper (D)
  A manticore (D)
  A cyclops (D)
  4 black mambas (D)
  A water nymph (D)
  2 cane toads (D)
  A rime drake (D)
  3 komodo dragons (D)
  A tengu conjurer (D)
  A troll (D)
  A polar bear (D)
  A merfolk (D)
  A wind drake (D)
  A tarantella (D)
  A tyrant leech (D)
  2 hornets (D)
  A slime creature (D)
  A water elemental (D)
  4 culicivoras (D)
  4 wraiths (D)
  4 yaks (D)
  2 wyverns (D)
  A basilisk (D)
  A golden eye (shapeshifter) (D)
  2 vampire mosquitoes (D)
  A naga (D)
  A water moccasin (D)
  12 orc warriors (D)
  8 ogres (D)
  A boggart (D)
  A wolf (D)
  A centaur (D)
  A howler monkey (D)
  4 orc priests (D)
  A jelly (D)
  An iguana (D)
  4 orc wizards (D)
  An adder (D)
  7 orcs (D)
  A bat (D)
  An endoplasm (D)
  A goblin (D)
  A kobold (D)
  A rat (D)
148 creatures vanquished.

Vanquished Creatures (collateral kills)
  A lich (D)
  An ironbound preserver (D)
  2 stone giants (D)
  A very ugly thing (D)
  A dire elephant (D)
  2 fire dragons (D)
  4 ice dragons (D)
  A hydra (D)
  A spriggan air mage (D)
  A tengu warrior (D)
  A hell knight (D)
  A glowing orange brain (D)
  An orc knight (D)
  A lindwurm (D)
  A black mamba (D)
  2 vault sentinels (D)
  A troll (D)
  A vampire (D)
  A yak (D)
  A water moccasin (D)
26 creatures vanquished.

Vanquished Creatures (others)
  A fire dragon (D)
1 creature vanquished.

Grand Total: 175 creatures vanquished

Notes
Turn   | Place    | Note
-------+----------+-------------------------------------------
     0 | D        | sircluck the Troll Berserker began the quest for the Orb.
     0 | D        | Reached XP level 1. HP: 22/22 MP: 0/0
    13 | D        | Reached ** piety under Trog
    21 | D        | Noticed an orc priest
    21 | D        | Noticed an iguana
    21 | D        | Noticed a jelly
    26 | D        | Reached skill level 4 in Unarmed Combat
    26 | D        | Reached XP level 2. HP: 25/31 MP: 1/1
    27 | D        | Reached *** piety under Trog
    28 | D        | Reached skill level 5 in Unarmed Combat
    28 | D        | Reached XP level 3. HP: 27/39 MP: 2/2
    29 | D        | Reached XP level 4. HP: 34/49 MP: 3/3
    34 | D        | Reached skill level 6 in Unarmed Combat
   157 | D        | Found a snail-covered altar of Cheibriados.
   157 | D        | Found a shadowy altar of Dithmenos.
   157 | D        | Found a white marble altar of Elyvilon.
   157 | D        | Found a blossoming altar of Fedhas.
   157 | D        | Found an opulent altar of Gozag.
   158 | D        | Found a hazy altar of Hepliaklqana.
   159 | D        | Found a viscous altar of Jiyva.
   160 | D        | Found an ancient bone altar of Kikubaaqudgha.
   161 | D        | Found a corrupted altar of Lugonu.
   162 | D        | Found a burning altar of Makhleb.
   163 | D        | Found a sparkling altar of Nemelex Xobeh.
   164 | D        | Found an iron altar of Okawaru.
   165 | D        | Found a stormy altar of Qazlal.
   166 | D        | Found a sacrificial altar of Ru.
   167 | D        | Found a shimmering blue altar of Sif Muna.
   168 | D        | Found a bloodstained altar of Trog.
   169 | D        | Found a hide-covered altar of Uskayaw.
   170 | D        | Found a radiant altar of Vehumet.
   171 | D        | Found an ornate altar of the Wu Jian Council.
   172 | D        | Found a shimmering altar of Xom.
   173 | D        | Found a basalt altar of Yredelemnul.
   174 | D        | Found a glowing silver altar of Zin.
   175 | D        | Found a glowing golden altar of the Shining One.
   215 | D        | Noticed a wyvern
   215 | D        | Noticed a two-headed ogre
   215 | D        | Noticed a vampire
   215 | D        | Noticed a troll
   215 | D        | Noticed a centaur
   219 | D        | Killed a centaur
   219 | D        | Reached **** piety under Trog
   220 | D        | Reached skill level 5 in Fighting
   220 | D        | Reached skill level 5 in Dodging
   220 | D        | Reached skill level 7 in Unarmed Combat
   220 | D        | Reached XP level 5. HP: 52/57 MP: 4/4
   223 | D        | Killed a troll
   224 | D        | Reached skill level 9 in Unarmed Combat
   224 | D        | Reached XP level 6. HP: 53/68 MP: 5/5
   225 | D        | Killed a vampire
   226 | D        | Reached skill level 10 in Unarmed Combat
   226 | D        | Reached XP level 7. HP: 63/78 MP: 6/6
   232 | D        | Killed a two-headed ogre
   233 | D        | Reached skill level 11 in Unarmed Combat
   233 | D        | Reached XP level 8. HP: 80/89 MP: 7/7
   238 | D        | Reached skill level 12 in Unarmed Combat
   245 | D        | Noticed a boulder beetle
   245 | D        | Noticed a cyclops
   245 | D        | Noticed a centaur warrior
   245 | D        | Noticed a troll
   248 | D        | Killed a troll
   248 | D        | Reached ***** piety under Trog
   263 | D        | Killed a centaur warrior
   264 | D        | Reached skill level 13 in Unarmed Combat
   264 | D        | Reached XP level 9. HP: 52/101 MP: 8/8
   266 | D        | Killed a cyclops
   267 | D        | Reached skill level 10 in Fighting
   267 | D        | Reached skill level 10 in Dodging
   267 | D        | Reached skill level 14 in Unarmed Combat
   358 | D        | Killed a boulder beetle
   359 | D        | Reached skill level 1 in Stealth
   359 | D        | Reached skill level 15 in Unarmed Combat
   503 | D        | Noticed a komodo dragon
   503 | D        | Noticed a komodo dragon
   503 | D        | Noticed a polar bear
   506 | D        | Killed a polar bear
   506 | D        | Noticed a komodo dragon
   508 | D        | Received a gift from Trog
   511 | D        | Killed a komodo dragon
   517 | D        | Reached XP level 10. HP: 107/111 MP: 9/9
   518 | D        | Reached skill level 16 in Unarmed Combat
   518 | D        | Noticed a cane toad
   533 | D        | Reached skill level 1 in Armour
   540 | D        | Killed a cane toad
   540 | D        | Reached ****** piety under Trog
   562 | D        | Noticed a black mamba
   562 | D        | Noticed a five-headed hydra
   562 | D        | Noticed a black mamba
   564 | D        | Killed a black mamba
   564 | D        | Received a gift from Trog
   565 | D        | Reached skill level 17 in Unarmed Combat
   570 | D        | Killed a six-headed hydra
   572 | D        | Noticed a cane toad
   575 | D        | Killed a black mamba
   577 | D        | Reached skill level 18 in Unarmed Combat
   593 | D        | Killed a cane toad
   593 | D        | Received a gift from Trog
   604 | D        | Noticed a catoblepas
   604 | D        | Noticed a death yak
   604 | D        | Noticed a death yak
   604 | D        | Noticed a death yak
   608 | D        | Noticed a death yak
   610 | D        | Noticed a death yak
   615 | D        | Killed a death yak
   616 | D        | Reached XP level 11. HP: 94/120 MP: 10/10
   619 | D        | Killed a death yak
   620 | D        | Reached skill level 19 in Unarmed Combat
   634 | D        | Killed a death yak
   646 | D        | Killed a catoblepas
   657 | D        | Killed a death yak
   657 | D        | Received a gift from Trog
   662 | D        | Killed a death yak
   663 | D        | Reached skill level 5 in Armour
   663 | D        | Reached skill level 20 in Unarmed Combat
   757 | D        | Noticed Harold
   767 | D        | Killed Harold
   879 | D        | Received a gift from Trog
   928 | D        | Noticed an orc knight
   933 | D        | Killed an orc knight
   940 | D        | Received a gift from Trog
   972 | D        | Found Ucegi's Antique Armour Boutique.
   972 | D        | Noticed a two-headed ogre
   972 | D        | Noticed a two-headed ogre
   975 | D        | Killed a two-headed ogre
   975 | D        | Received a gift from Trog
   976 | D        | Reached skill level 21 in Unarmed Combat
   978 | D        | Killed a two-headed ogre
   983 | D        | Found Xawkegha's General Store.
   988 | D        | Noticed an ogre mage
   995 | D        | Found Nekhlogh's Assorted Antiques.
   995 | D        | Noticed a two-headed ogre
   996 | D        | Received a gift from Trog
   999 | D        | Killed an ogre mage
  1000 | D        | Reached XP level 12. HP: 98/132 MP: 11/11
  1000 | D        | Found Meobauc's Antique Armour Shop.
  1001 | D        | Killed a two-headed ogre
  1003 | D        | Reached skill level 22 in Unarmed Combat
  1008 | D        | Noticed an ogre mage
  1018 | D        | Killed an ogre mage
  1018 | D        | Received a gift from Trog
  1267 | D        | Noticed a boulder beetle
  1267 | D        | Noticed a four-headed hydra
  1270 | D        | Killed a six-headed hydra
  1282 | D        | Noticed a fire dragon
  1293 | D        | HP: 5/132 [orc knight/+0 great sword (11)]
  1304 | D        | Received a gift from Trog
  1309 | D        | Killed a fire dragon
  1310 | D        | Reached skill level 23 in Unarmed Combat
  1374 | D        | Killed a boulder beetle
  1377 | D        | HP: 4/127 [necromancer/bolt of negative energy (23)]
  1380 | D        | Reached skill level 1 in Shields
  1519 | D        | Noticed an ettin
  1520 | D        | Noticed a stone giant
  1521 | D        | Noticed a tengu warrior
  1521 | D        | Noticed a stone giant
  1528 | D        | Killed a stone giant
  1530 | D        | Killed an ettin
  1530 | D        | Received a gift from Trog
  1533 | D        | Killed a tengu warrior
  1537 | D        | Killed a stone giant
  1538 | D        | Reached skill level 24 in Unarmed Combat
  1614 | D        | Noticed Rupert
  1623 | D        | Paralysed by Rupert for 2 turns
  1631 | D        | Killed Rupert
  1695 | D        | Noticed Josephine
  1707 | D        | Killed Josephine
  1708 | D        | Reached skill level 1 in Throwing
  1709 | D        | Received a gift from Trog
  1762 | D        | Noticed a broodmother
  1777 | D        | Killed a broodmother
  1781 | D        | Reached skill level 25 in Unarmed Combat
  1781 | D        | Reached XP level 13. HP: 68/141 MP: 12/12
  1786 | D        | Received a gift from Trog
  1900 | D        | Received a gift from Trog
  1912 | D        | Reached skill level 5 in Shields
  1948 | D        | Noticed an eleionoma
  1948 | D        | Noticed a bunyip
  1951 | D        | Reached skill level 26 in Unarmed Combat
  1951 | D        | Noticed an eleionoma
  1957 | D        | Killed an eleionoma
  1959 | D        | Received a gift from Trog
  1965 | D        | Killed a bunyip
  1971 | D        | Killed an eleionoma
  2056 | D        | Noticed a merfolk javelineer
  2066 | D        | Identified the +7 war axe of Lithronli {flame, rElec Dex+3}
                  | (Trog gifted it to you in the Dungeon)
  2066 | D        | Received a gift from Trog
  2149 | D        | Reached skill level 27 in Unarmed Combat
  2154 | D        | Killed a merfolk javelineer
  2210 | D        | Received a gift from Trog
  2282 | D        | Noticed Agnes
  2290 | D        | Killed Agnes
  2321 | D        | Noticed Aizul
  2334 | D        | Killed Aizul
  2399 | D        | Noticed a stone giant
  2399 | D        | Noticed a lich
  2399 | D        | Noticed a fire dragon
  2399 | D        | Noticed a stone giant
  2408 | D        | Killed a stone giant
  2415 | D        | Killed a lich
  2418 | D        | Reached XP level 14. HP: 152/154 MP: 13/13
  2420 | D        | Received a gift from Trog
  2422 | D        | Killed a stone giant
  2423 | D        | Reached skill level 10 in Shields
  2431 | D        | Reached skill level 15 in Dodging
  2435 | D        | Received a gift from Trog
  2454 | D        | Noticed a white very ugly thing
  2455 | D        | Noticed a frost giant
  2456 | D        | Noticed a cyan very ugly thing
  2461 | D        | Killed a white very ugly thing
  2465 | D        | Killed a frost giant
  2470 | D        | Noticed a stone giant
  2471 | D        | HP: 5/156 [cyan very ugly thing (21)]
  2479 | D        | Killed a cyan very ugly thing
  2479 | D        | Received a gift from Trog
  2486 | D        | Killed a stone giant
  2550 | D        | Noticed an ironbound preserver
  2550 | D        | Noticed an ironbound preserver
  2553 | D        | Killed an ironbound preserver
  2553 | D        | Received a gift from Trog
  2559 | D        | Noticed an ironbound thunderhulk
  2582 | D        | Killed an ironbound thunderhulk
  2583 | D        | Killed an ironbound preserver
  2583 | D        | Received a gift from Trog
  2593 | D        | Killed from afar by an ironbound frostheart

Illustrated notes

Levels and vault maps discovered:
D:        linesprint [early_d, line_temple, items_1, d_10, items_2, lair_1,
          lair_end, items_3, orc_1, orc_end, items_4, d_15, swamp_1, shoals_1,
          snake_1, spider_1, d_20, vaults_1, items_5, swamp_end, shoals_end,
          snake_end, spider_end, vaults_end, d_27, items_6, zot_1, zot_end,
          crypt_end, forest_end, elf_end, slime_end, tomb_end, abyss_end,
          pan_hell_end]

Skill      XL: |  1  2  3  4  5  6  7  8  9 10 11 12 13 14 |
---------------+-------------------------------------------+-----
Fighting       | 3 4 5 6 7 8 9 10 11 12 13 14 | 14.7
Dodging        | 3 4 5 6 7 8 9 10 11 12 13 14 16 | 16.2
Unarmed Combat | 4 5 7 9 10 11 13 15 18 21 25 27 | 27.0
Stealth        | 1 3 4 |  4.0
Armour         | 3 6 8 9 |  9.9
Shields        | 3 9 13 | 13.1
Throwing       | 1 2 |  2.8

Action                     |  1- 3 |  4- 6 |  7- 9 | 10-12 | 13-15 || total
---------------------------+-------+-------+-------+-------+-------++-------
  Melee: Unarmed           |    17 |     7 |    51 |   229 |   175 ||   479
         Punch             |     1 |     2 |     3 |    10 |       ||    16
  Throw: Large rock        |       |       |       |     4 |       ||     4
         Throwing net      |       |       |       |     3 |       ||     3
 Invoke: Brothers in Arms  |       |     1 |       |     5 |     7 ||    13
         Berserk           |       |       |       |     1 |     3 ||     4
         Trog's Hand       |       |       |       |       |     1 ||     1
    Use: Potion            |       |       |       |     4 |     4 ||     8
         Scroll            |       |       |       |     1 |     2 ||     3
   Stab: Petrified         |       |       |       |     2 |       ||     2
 Armour: Animal skin       |     8 |     3 |    10 |       |       ||    21
         Troll leather arm |       |       |     2 |    39 |    15 ||    56
  Dodge: Dodged            |     7 |     8 |    21 |    76 |    37 ||   149
  Block: Tower shield      |       |       |       |    26 |    70 ||    96

Table legend: (Time is in decaauts)
 A = Elapsed time spent in this place.
 B = Non-inter-level travel time spent in this place.
 C = Inter-level travel time spent in this place.
 D = Time resting spent in this place.
 E = Time spent auto-exploring this place.
 F = Levels seen in this place.
 G = Mean time per level.
                   A        B        C        D        E       F      G
               +--------+--------+--------+--------+--------+-----+--------+
         Total |   2497 |   2472 |     25 |    476 |    379 |   1 | 2497.0 |
       Dungeon |   2497 |   2472 |     25 |    476 |    379 |   1 | 2497.0 |
               +--------+--------+--------+--------+--------+-----+--------+

Top non-repeatable levels by time:
       D: 2497 daAuts
